 Dungeon Crawl Stone Soup version 0.26-a0-30-g56b8cd3df0 (webtiles) character file.

Game seed: 4753670197097000982, levelgen mode: deterministic

58 vurker the Gusty (level 4, -1/25 HPs)
             Began as a Tengu Air Elementalist on May 29, 2020.
             Slain by a goblin
             ... wielding a +2 dagger of venom
             ... led by Robin
              (7 damage)
             ... on level 2 of the Dungeon.
             The game lasted 00:01:54 (1837 turns).

vurker the Gusty (Tengu Air Elementalist)           Turns: 1837, Time: 00:01:54

Health: -1/25      AC:  2    Str:  7 (8)  XL:     4   Next: 2%
Magic:  1/9        EV: 12    Int: 14 (16) God:
Gold:   30         SH:  0    Dex: 12 (15) Spells: 7/8 levels left

rFire    . . .     SeeInvis .   h - +0 dagger
rCold    . . .     Gourm    .   (no shield)
rNeg     . . .     Faith    .   a - +0 robe
rPois    .         Spirit   .   (helmet restricted)
rElec    .         Reflect  .   (no cloak)
rCorr    .         Harm     .   (no gloves)
MR       .....                  (boots unavailable)
Stlth    ++........             (no amulet)
HPRegen  0.08/turn              (no ring)
MPRegen  0.11/turn              (no ring)

@: no status effects
A: beak, talons 3
a: no special abilities


You were on level 2 of the Dungeon.
You were not hungry.

You visited 1 branch of the dungeon, and saw 2 of its levels.

You collected 30 gold pieces.

Inventory:

Hand Weapons
 h - a +0 dagger (weapon)
   (You took it off a goblin on level 1 of the Dungeon)
Armour
 a - a +0 robe (worn)
Jewellery
 c - an uncursed ring of ice
   (You found it on level 1 of the Dungeon)
Scrolls
 b - a scroll of blinking {unknown}
 d - a scroll of fog {unknown}
 f - a scroll of magic mapping {unknown}
 i - a scroll of amnesia {unknown}
 j - 2 scrolls of identify {unknown}
Potions
 g - a potion of might {unknown}
 k - a potion of degeneration
Comestibles
 e - 3 rations
 m - a chunk of flesh


   Skills:
 + Level 1.2 Fighting
 - Level 2.1 Dodging
 - Level 2.0 Stealth
 * Level 2.7 Spellcasting
 + Level 2.2 Conjurations
 * Level 4.9 Air Magic


You had 7 spell levels left.
You knew the following spells:

 Your Spells              Type           Power        Failure   Level  Hunger
a - Shock                 Conj/Air       ##..         4%          1    #......

Your spell library contained the following spells:

 Spells                   Type           Power        Failure   Level  Hunger
 Swiftness                Chrm/Air       #.......     12%         2    ###....
 Static Discharge         Conj/Air       ##......     16%         3    ###....
 Airstrike                Air            ###.......   28%         4    #####..
 Lightning Bolt           Conj/Air       ##........   80%         5    ######.


Dungeon Overview and Level Annotations

Branches:
Dungeon (2/15)

Altars:

Annotations:
D:2 Robin


Innate Abilities, Weirdness & Mutations

You have a beak for a mouth.
You have claws for feet.


Message History

The zap hits the goblin.
You kill the goblin!
You have reached level 4!
You feel agile.
The zap hits the goblin.
The zap hits Robin.
Aim: Robin, wielding a +0 whip, wearing a +0 animal skin and wearing a +0 helmet (moderately wounded)
The zap hits the goblin.
You kill the goblin!
The zap hits Robin.
A goblin comes into view.
Aim: Robin, wielding a +0 whip, wearing a +0 animal skin and wearing a +0 helmet (severely wounded)
The zap hits Robin.
The zap misses the goblin.
Aim: Robin, wielding a +0 whip, wearing a +0 animal skin and wearing a +0 helmet (severely wounded)
The zap hits Robin but does no damage.
The zap hits the goblin.
Aim: Robin, wielding a +0 whip, wearing a +0 animal skin and wearing a +0 helmet (severely wounded)
The zap hits Robin.
The zap hits the goblin.
You don't have enough magic to cast that spell.
Robin hits you with a +0 whip.
You see here a +0 dagger.
You closely miss Robin. Robin throws the goblin at you!
You hit Robin but do no damage. The goblin misses you.
A goblin comes into view. It is wielding a +2 dagger of venom.
Robin hits you with a +0 whip. The goblin hits you.
* * * LOW HITPOINT WARNING * * *
Robin roars a battlecry!
The goblin goes into a battle-frenzy!
The goblin hits you.
* * * LOW HITPOINT WARNING * * *
Robin says, "Kneel, worm!"
You see here 4 stones.
The goblin no longer looks unusually strong.
Robin roars a battlecry!
The goblin goes into a battle-frenzy!
Robin throws the goblin at you!
* * * LOW HITPOINT WARNING * * *
The goblin closely misses you.
The goblin hits you with a +2 dagger of venom.
* * * LOW HITPOINT WARNING * * *
You are lethally poisoned!
* * * LOW HITPOINT WARNING * * *
You feel sick.
It was a potion of degeneration.
There was something very wrong with that liquid.
You feel weakened.
You feel dopey.
You feel clumsy.
* * * LOW HITPOINT WARNING * * *
You feel sick. The goblin barely misses you.
It was a potion of curing.
You feel better.
The goblin hits you with a +2 dagger of venom!
You die...

#........# ############
#........# .).........#
#........# ####...#.###
#........# #.#.#...#
#........# #.#...#.##
#........#
.?####.###....###........#
..........)#####....##..##
######.....##.##@#####..#
...$..).)..(.g.gg.....>.#####
##########.......##.##......#
##.#######.##.##.### #.##
#.##.##.# #..######.##....#
#.......#.####### #.......#.#
#.......#.#


You could see Robin and 2 goblins.

Vanquished Creatures
  2 oozes
  4 dart slugs
  A leopard gecko (D:1)
  2 ball pythons
  11 goblins
  5 hobgoblins (D:1)
  3 jackals (D:1)
  2 bats (D:1)
  2 frilled lizards (D:2)
  3 kobolds
  3 rats (D:1)
38 creatures vanquished.

Notes
Turn   | Place    | Note
-------+----------+-------------------------------------------
     0 | D:1      | vurker the Tengu Air Elementalist began the quest for the
                  | Orb.
     0 | D:1      | Reached XP level 1. HP: 10/10 MP: 4/4
   148 | D:1      | Reached XP level 2. HP: 16/16 MP: 4/6
   735 | D:1      | Reached XP level 3. HP: 20/20 MP: 3/7
   977 | D:1      | Reached skill level 1 in Fighting
  1812 | D:2      | Noticed Robin
  1820 | D:2      | Reached XP level 4. HP: 24/25 MP: 3/9
  1836 | D:2      | HP: 1/25 [poisoned by a goblin]
  1837 | D:2      | Slain by a goblin

Illustrated notes

Levels and vault maps discovered:
D:1:      giann_bridges, layout_basic
D:2:      layout_basic, uniq_natasha, uniq_robin

Skill      XL: |  1  2  3 |
---------------+----------+-----
Conjurations   | 2 |  2.2
Fighting       | 1 |  1.2
Dodging        | |  2.1
Stealth        | |  2.0
Spellcasting   | |  2.7
Air Magic      | |  4.9

Action                   |  1- 3 |  4- 6 || total
-------------------------+-------+-------++-------
Melee: Unarmed           |    12 |       ||    12
       Kick              |     2 |       ||     2
       Peck              |     2 |       ||     2
       Dagger            |     3 |     2 ||     5
 Cast: Shock             |    79 |     5 ||    84
  Use: Potion            |       |     2 ||     2
  Eat: Chunk             |     4 |       ||     4
Armor: Robe              |     5 |     1 ||     6
Dodge: Dodged            |    23 |     3 ||    26

Table legend:
 A = Non-vault XP
 B = Vault XP
 C = Vault XP percentage of total XP
 D = Non-vault monster count
 E = Vault monster count
 F = Vault count percentage of total count
                 A         B        C        D         E       F
            +---------+---------+-------+---------+---------+-------
      Total |      76 |       8 |   9.5 |      34 |       4 |  10.5
            +---------+---------+-------+---------+---------+-------
        D:1 |      55 |       0 |   0.0 |      27 |       0 |   0.0
        D:2 |      21 |       8 |  27.6 |       7 |       4 |  36.4
            +---------+---------+-------+---------+---------+-------
